 Dungeon Crawl Stone Soup version 0.31.0-2-g5a2aebc5c2 (webtiles) character file.

Game seed: 2623531274231591997

52 Persephone the Shield-Bearer (level 3, -2/20 HPs)
             Began as a Vine Stalker Fighter on Jan 20, 2024.
             Slain by Natasha (4 damage)
             ... on level 2 of the Dungeon.
             The game lasted 00:02:10 (826 turns).

Persephone the Shield-Bearer (Vine Stalker Fighter)  Turns: 826, Time: 00:02:10

Health: -2/20      AC:  6    Str: 20    XL:     3   Next: 85%
Magic:  0/4        EV:  9    Int:  8    God:
Gold:   60         SH:  4    Dex: 13    Spells: 2/2 levels left

rFire   . . .        h - +2 dagger (elec)
rCold   . . .        b - +0 buckler
rNeg    . . .        a - +0 scale mail
rPois   .            (no helmet)
rElec   .            (no cloak)
rCorr   .            (no gloves)
SInv    .            (no boots)
Will    .....        (no amulet) Stlth
                     (no ring)
HPRegen 1.03/turn    (no ring)
MPRegen 0.09/turn

%: guardian spirit
@: no status effects
A: fangs 2, regeneration 1, magic shield, antimagic bite, no potion heal 2
a: no special abilities


You were on level 2 of the Dungeon.
You visited 1 branch of the dungeon, and saw 2 of its levels.

You collected 60 gold pieces.

Inventory:

Hand Weapons
 h - a +2 dagger of electrocution (weapon)
Armour
 a - a +0 scale mail (worn)
 b - a +0 buckler (worn)
Scrolls
 g - a scroll of identify {unknown}
 j - a scroll of amnesia {unknown}
Potions
 c - a potion of might
 d - 2 potions of degeneration {unknown}
 e - 2 potions of attraction {unknown}
 f - a potion of invisibility {unknown}
 i - a potion of berserk rage {unknown}


   Skills:
 + Level 3.1 Fighting
 - Level 2.4 Armour
 + Level 3.1 Shields
 * Level 3.1 Unarmed Combat


You had 2 spell levels left.
You didn't know any spells.
Your spell library was empty.

Dungeon Overview and Level Annotations

Branches:
Dungeon (2/15)

Altars:

Annotations:
D:2 Natasha


Innate Abilities, Weirdness & Mutations

You have extremely sharp teeth.
Your natural rate of healing is unusually fast.
When hurt, damage is shared between your health and your magic reserves.
Your bite disrupts and absorbs the magic of your enemies.
Potions cannot restore your health.


Message History

You barely miss the ribbon worm. You bite the ribbon worm. You drain its power.
The ribbon worm is lightly wounded.
The ribbon worm barely misses you.
You hit the ribbon worm.
The ribbon worm is moderately wounded.
The cerulean imp hits you from afar with a +2 spear.
You block the ribbon worm's attack.
You hit the ribbon worm.
Lightning courses through the ribbon worm!!
You kill the ribbon worm!
You block the bat's attack. The cerulean imp completely misses you.
Natasha mumbles some strange words.
You block the cerulean imp's attack.
A bat comes into view.
The bat completely misses you. You block the bat's attack.
The adder barely misses you.
The cerulean imp hits you from afar with a +1 spear.
The adder bites you but does no damage.
The cerulean imp hits you with a +2 spear.
Things that are here:
a scroll labelled JIANEH SIEKHEYSTI; a ribbon worm corpse You hit the adder but do no damage.
Natasha casts a spell at you. The magic dart hits you!
* * * LOW HITPOINT WARNING * * *
You block the adder's attack. The cerulean imp misses you.
The ball python bites you.
* * * LOW HITPOINT WARNING * * *
You block the ball python's attack.
The cerulean imp hits you but does no damage.
You closely miss Natasha. Your bite misses Natasha. Natasha claws you!
* * * LOW HITPOINT WARNING * * *
The adder bites you but does no damage. The cerulean imp barely misses you.
You block the ball python's attack. The ball python closely misses you.
The cerulean imp barely misses you. x2
You hit Natasha. Your bite misses Natasha.
Natasha is lightly wounded.
You block the adder's attack. Natasha claws you.
You die...
Natasha begins licking her fur clean.

# . ##.......... #..
###........... ##.#.
#........[.... #....
#.#.......†..<
#....#####.#...........
##......##.............#
......5.....#.###..#....
#.....#h##.#..# #..##.##
......#@#..#.## #..##.#
......5SS5.#.# #..##.#
######.bb....# #. ...
#....##.# #..
...........
#.....####... ....?..#
.# #.......# # ###.....#


You could see Natasha, 3 cerulean imps, an adder, 2 bats and a ball python.

Vanquished Creatures
  Natasha (D:2)
  A ribbon worm (D:2)
  An endoplasm (D:1)
  4 goblins (D:1)
  2 hobgoblins (D:1)
  2 kobolds (D:1)
  2 quokkas
  3 ball pythons (D:1)
  5 bats
  A frilled lizard (D:1)
  A rat (D:1)
23 creatures vanquished.

Notes
Turn   | Place    | Note
-------+----------+-------------------------------------------
     0 | D:1      | Persephone the Vine Stalker Fighter began the quest for the
                  | Orb.
     0 | D:1      | Reached XP level 1. HP: 11/11 MP: 2/2
   166 | D:1      | Reached XP level 2. HP: 16/16 MP: 3/3
   718 | D:1      | Found a faded altar of an unknown god.
   718 | D:1      | Noticed an Executioner
   770 | D:2      | Reached XP level 3. HP: 20/20 MP: 4/4
   775 | D:2      | Noticed Natasha
   778 | D:2      | Killed Natasha
   812 | D:2      | Noticed Natasha
   825 | D:2      | HP: 1/20 [Natasha (5)]
   826 | D:2      | Slain by Natasha

Illustrated notes

Levels and vault maps discovered:
D:1:      psy_arrival_whirlpool, layout_basic,
          dreamdust_ecumenical_altar_sealed_demon
D:2:      layout_rooms, chequers_jeans, minmay_shallow_snake_nest,
          uniq_crazy_yiuf_cottage, uniq_natasha

Skill      XL: |  1  2  3 |
---------------+----------+-----
Fighting       | 3 |  3.1
Shields        | 3 |  3.1
Unarmed Combat | 3 |  3.1
Armour         | |  2.4

Action                     || total
---------------------------++-------
  Melee: Unarmed           ||    59
         Bite              ||    12
         Dagger            ||    22
 Armour: Scale mail        ||    45
  Dodge: Dodged            ||    50
  Block: Buckler           ||    30
